Map: Simulacrum LE

Players

Lambo - Winner!

  • Race: Zerg Zerg
  • League: Grandmaster
  • Spawn Location: 5:00

SKillous

  • Race: Protoss Protoss
  • League: Grandmaster
  • Spawn Location: 11:00

Event: StayAtHomestory Cup #1

VOD

Have the link to the VOD?

Description

Time

  • Played on: April 10, 2020, 12:02 p.m.
  • Length: 10:01

All games in this series

Show
View Real Time Build Order
Export as new Build Order

Lambo Zerg - Winner!

Build Orders: Hatch First 

Get SALT Encoding   

  12  0:01  Drone  
  13  0:12  Overlord  
  13  0:17  Drone  
  14  0:30  Drone x2  
  16  0:40  Drone  
  17  0:52  Hatchery  
  17  0:54  Drone  
  17  0:58  Drone  
  18  1:08  Extractor  
  17  1:13  Spawning Pool  
  17  1:15  Drone  
  17  1:19  Drone  
  18  1:27  Drone  
  19  1:38  Drone  
  20  1:49  Overlord  
  20  1:59  Queen  
  22  2:04  Zergling x2, Queen  
  22  2:05  Zergling x2  
  26  2:11  Metabolic Boost  
  26  2:12  Drone  
  26  2:15  Drone  
  28  2:26  Drone  
  29  2:33  Hatchery  
  29  2:37  Drone  
  29  2:41  Drone  
  30  2:53  Drone x2  
  30  2:54  Overlord  
  32  2:59  Queen  
  32  3:01  Drone  
  32  3:03  Drone  
  36  3:13  Drone  
  36  3:15  Drone x2  
  36  3:16  Drone x2  
  41  3:22  Overlord  
  41  3:27  Drone  
  41  3:30  Roach Warren  
  41  3:32  Extractor, Drone  
  41  3:36  Drone  
  41  3:37  Queen  
  44  3:43  Overlord  
  44  3:45  Drone x2  
  44  3:46  Drone  
  47  3:55  Drone  
  48  4:00  Overlord  
  48  4:06  Overlord  
  48  4:13  Roach x6  
  48  4:16  Roach  
  62  4:23  Roach x3  
  68  4:29  Overlord  
  68  4:31  Roach  
  68  4:32  Roach  
  72  4:39  Zergling x4, Roach x2  
  78  4:52  Roach x3  
  84  4:54  Drone x4  
  84  4:57  Extractor  
  87  5:05  Drone x3  
  90  5:09  Overlord  
  90  5:10  Lair  
  90  5:23  Overlord  
  90  5:29  Overlord  
  90  5:31  Overlord  
  90  5:32  Roach x4  
  98  5:35  Evolution Chamber  
  98  5:40  Overlord  
  98  5:41  Drone  
  98  5:44  Overlord  
  98  5:52  Roach x2  
  98  5:53  Drone x5  
  98  5:54  Drone  
  98  5:55  Drone  
  98  5:56  Drone x2  
  111  5:59  Extractor  
  111  6:04  Drone x5  
  112  6:07  Drone  
  112  6:10  Glial Reconstitution  
  116  6:14  Drone x3  
  118  6:20  Drone x2  
  115  6:28  Drone x4  
  115  6:30  Zerg Missile Weapons Level 1  
  119  6:35  Overseer  
  119  6:38  Extractor, Drone x4  
  122  6:40  Extractor  
  122  6:41  Drone  
  122  6:44  Baneling Nest  
  121  6:47  Drone x4  
  121  6:48  Drone  
  121  6:50  Overseer  
  121  6:54  Drone  
  127  6:59  Roach x4  
  135  7:05  Overlord  
  135  7:07  Roach  
  137  7:08  Hatchery  
  137  7:10  Overlord  
  137  7:14  Overlord  
  136  7:17  Overlord  
  136  7:19  Roach  
  138  7:23  Overlord  
  138  7:26  Roach x4  
  138  7:27  Centrifical Hooks  
  146  7:32  Overlord  
  146  7:37  Roach x4  
  146  7:40  Overlord  
  146  7:42  Overlord  
  146  7:44  Ravager x4, Overlord  
  158  7:46  Zergling x2, Roach x2  
  164  7:55  Roach x5  
  172  8:03  Roach x3  
  172  8:04  Roach  
  180  8:05  Overlord  
  180  8:07  Ravager x2  
  182  8:13  Zergling x12  
  188  8:25  Hatchery  
  188  8:26  Zergling x10  
  192  8:29  Baneling x7  
  192  8:36  Baneling x10  
  192  8:39  Overlord  
  192  8:41  Ravager  
  192  8:42  Zergling x8  
  197  8:50  Zergling x6  
  200  8:56  Baneling x6  
  200  8:59  Zergling x4  
  200  9:09  Zergling x22  
  199  9:15  Zergling x6  
  177  9:19  Roach  
  177  9:23  Overseer  
  160  9:28  Roach x2  
  160  9:30  Roach  
  147  9:36  Roach x2  
  143  9:42  Roach  
Show
View Real Time Build Order
Export as new Build Order

SKillous Protoss 

Build Orders: 1 Gate Expand 

Get SALT Encoding   

  12  0:00  Probe  
  13  0:14  Pylon  
  13  0:18  Probe  
  14  0:30  Probe (Chrono Boost)  
  15  0:41  Probe (Chrono Boost)  
  16  0:45  Probe (Chrono Boost)  
  16  0:47  Gateway  
  17  0:53  Assimilator  
  17  0:56  Probe  
  18  1:08  Probe  
  19  1:20  Probe  
  20  1:27  Nexus  
  20  1:36  Cybernetics Core  
  20  1:40  Probe  
  21  1:47  Assimilator  
  21  1:53  Probe  
  22  1:54  Pylon  
  22  2:05  Probe  
  23  2:10  Adept (Chrono Boost)  
  23  2:13  Warp Gate  
  25  2:17  Probe  
  26  2:25  Twilight Council  
  26  2:29  Probe (Chrono Boost)  
  27  2:35  Stalker  
  29  2:40  Probe (Chrono Boost)  
  29  2:41  Probe (Chrono Boost)  
  31  2:48  Probe x2 (Chrono Boost)  
  33  2:53  Probe (Chrono Boost)  
  33  2:56  Probe  
  35  2:59  Robotics Facility  
  35  3:05  Probe  
  36  3:08  Probe  
  36  3:09  Resonating Glaives (Chrono Boost)  
  37  3:18  Gateway  
  37  3:21  Gateway  
  37  3:24  Probe  
  37  3:25  Probe  
  39  3:32  Gateway  
  39  3:37  Probe  
  39  3:38  Probe  
  41  3:43  Warp Prism (Chrono Boost)  
  41  3:48  Pylon  
  43  3:49  Probe  
  43  3:50  Probe  
  43  3:55  Assimilator  
  45  4:01  Probe  
  46  4:04  Pylon  
  46  4:05  Assimilator  
  46  4:06  Probe  
  46  4:09  Adept  
  49  4:13  Probe, Adept  
  49  4:15  Adept  
  54  4:20  Pylon  
  54  4:22  Probe, Observer  
  56  4:29  Pylon  
  57  4:37  Adept  
  57  4:38  Adept x2  
  62  4:39  Adept  
  62  4:40  Probe  
  62  4:41  Probe  
  66  4:47  Immortal (Chrono Boost)  
  70  4:55  Pylon  
  70  5:12  Adept x4  
  78  5:16  Pylon  
  78  5:17  Immortal (Chrono Boost)  
  82  5:24  Pylon  
  82  5:39  Nexus  
  82  5:41  Blink  
  82  5:46  Probe  
  82  5:47  Probe  
  84  5:53  Immortal (Chrono Boost)  
  88  5:59  Probe (Chrono Boost)  
  88  6:03  Probe (Chrono Boost)  
  90  6:07  Adept x2  
  90  6:09  Probe (Chrono Boost)  
  96  6:13  Probe (Chrono Boost)  
  96  6:15  Probe (Chrono Boost)  
  100  6:25  Immortal (Chrono Boost)  
  100  6:27  Probe  
  100  6:28  Gateway  
  100  6:32  Gateway  
  99  6:37  Gateway  
  99  6:38  Gateway  
  99  6:39  Probe  
  99  6:41  Probe  
  99  6:43  Sentry  
  102  6:48  Forge  
  102  6:51  Probe  
  102  6:52  Probe  
  102  6:53  Sentry x2  
  108  6:55  Sentry  
  108  6:59  Probe  
  111  7:03  Probe  
  111  7:08  Pylon x2  
  112  7:11  Immortal (Chrono Boost)  
  112  7:13  Pylon  
  116  7:25  Shield Battery  
  116  7:27  Stalker x4  
  116  7:28  Protoss Ground Weapons Level 1 (Chrono Boost)  
  124  7:30  Pylon  
  124  7:37  Probe  
  125  7:46  Probe x2, Charge  
  125  7:48  Assimilator  
  125  7:49  Probe  
  125  7:51  Pylon  
  122  7:53  Assimilator  
  116  8:04  Probe  
  116  8:05  Stalker x6  
  128  8:08  Immortal (Chrono Boost)  
  134  8:16  Templar Archives  
  133  8:20  Probe x2  
  133  8:21  Pylon  
  135  8:35  Pylon  
  135  8:39  Stalker x6  
  147  8:43  Pylon  
  145  8:57  High Templar x2  
  149  9:09  Archon  
  135  9:11  Stalker x2  
  135  9:12  Stalker  
  135  9:14  Zealot  
  135  9:15  Zealot x2  
  103  9:30  Stalker x2  
  95  9:36  Stalker x2  
  95  9:38  Zealot x4  
  93  9:39  Probe  
Tags
 
Add a new tag
Caveats
  • Supply blocks, unpowered buildings, or Contaminate may cause inaccurate times.
  • Supply counts are checked every 10 seconds.